 Dungeon Crawl Stone Soup version 0.17.2-1-ge4368a0 (webtiles) character file.

283 tidbits the Insei (level 5, 0/39 HPs)
             Began as a Demigod Transmuter on Sept 22, 2017.
             Slain by tidbits's ghost (3 damage)
             ... on level 4 of the Dungeon.
             The game lasted 00:14:59 (2240 turns).

tidbits the Insei (Demigod Transmuter)              Turns: 2240, Time: 00:14:59

Health: 0/39       AC:  2    Str: 13    XL:     5   Next: 78%
Magic:  4/10       EV: 20    Int: 19    God:
Gold:   173        SH:  0    Dex: 21    Spells: 3 memorised, 2 levels left

rFire  . . .     SeeInvis .       - Unarmed
rCold  . . .     Clarity  .     (armour currently unavailable)
rNeg   . . .     SustAt   +     (shield currently unavailable)
rPois  x         Gourm    .     (helmet currently unavailable)
rElec  .         Spirit   .     (cloak currently unavailable)
rCorr  .         Warding  .     (gloves currently unavailable)
rMut   .         Stasis   .     (boots currently unavailable)
MR     ++...                    (no amulet)
Stlth  ++........               (no ring)
                                (no ring)

@: spider-form, very slightly contaminated, very resistant to hostile
enchantments, unstealthy
A: high mp 1, magic resistance 2, (shaggy fur 0), (electricity resistance),
sustain attributes, MP-powered wands
a: End Transformation


You were on level 4 of the Dungeon.
You were near starving.
You were a venomous arachnid creature.
You visited 1 branch of the dungeon, and saw 5 of its levels.
You also visited: Ossuary.

You collected 173 gold pieces.

Inventory:

Hand Weapons
 m - a +0 blowgun
   (You took it off a kobold on level 3 of the Dungeon)
 o - a +0 hunting sling
   (You took it off a goblin on level 2 of the Dungeon)
Missiles
 a - 25 arrows
 b - 14 poisoned arrows
 f - 28 stones
 g - a javelin (quivered)
 s - 8 poisoned needles
Armour
 q - a cursed +0 large shield
   (You found it on level 2 of the Dungeon)
 B - a +0 robe (melded)
 F - a +0 pair of boots (melded)
   (You found it on level 4 of the Dungeon)
Scrolls
 e - a scroll of remove curse
 h - a scroll of amnesia {unknown}
 i - a scroll of fog {unknown}
 k - 2 scrolls of enchant weapon {unknown}
 r - 2 scrolls of random uselessness {unknown}
Potions
 l - a potion of curing
 p - a potion of poison {unknown}
 t - a potion of mutation {!q}
Books
 c - a book of Changes

   Spells                             Type                      Level
   a - Beastly Appendage              Transmutation                1
   b - Sticks to Snakes               Transmutation                2
   c - Spider Form                    Transmutation/Poison         3
   d - Ice Form                       Ice/Transmutation            4
   e - Blade Hands                    Transmutation                5
Miscellaneous
 j - a plain deck of defence {drawn: 1}
   (You found it on level 2 of the Dungeon)
Comestibles
 d - 2 bread rations
 n - 2 meat rations


   Skills:
 - Level 0.8 Fighting
 - Level 1.7 Dodging
 * Level 5.1 Unarmed Combat
 - Level 2.0 Spellcasting
 + Level 3.6 Transmutations


You had 2 spell levels left.
You knew the following spells:

 Your Spells              Type           Power        Failure   Level  Hunger
e - Beastly Appendage     Trmt           ###...       14%         1    #......
k - Sticks to Snakes      Trmt           ###.......   21%         2    ###....
p - Spider Form           Trmt/Pois      #.........   50%         3    ###....


Dungeon Overview and Level Annotations

Branches:
Dungeon (5/15)
 Temple: D:4-7

Annotations:
D:4 tidbits's ghost, amateur DgTm
D:5 Dowan


Innate Abilities, Weirdness & Mutations

You have an increased reservoir of magic (+10% MP).
Your attributes are resistant to harm.
You are highly resistant to hostile enchantments.
((You are covered in fur (AC +1).))
((You are resistant to electric shocks.))
You expend magic power (3 MP) to strengthen your wands.


Message History

Your adder bites the worker ant but does no damage.
The worker ant bites you.
* * * LOW HITPOINT WARNING * * *
You are lethally poisoned!
The worker ant poisons you!
Your adder closely misses the worker ant.
You hit the worker ant but do no damage.
The worker ant is lightly wounded.
* * * LOW HITPOINT WARNING * * *
You feel sick. The worker ant misses you.
Your adder closely misses the worker ant.
You hit the worker ant.
The worker ant looks even sicker.
The worker ant is moderately wounded.
* * * LOW HITPOINT WARNING * * *
You feel sick. The worker ant completely misses you.
Your adder barely misses the worker ant.
You hit the worker ant but do no damage.
The worker ant is severely wounded.
* * * LOW HITPOINT WARNING * * *
You feel sick.
You kill the worker ant!
Your transformation is almost over.
* * * LOW HITPOINT WARNING * * *
You feel sick.
Drink which item? (? for menu, Esc to quit)
You feel better. The adder skeleton bites your adder.
Your adder barely misses the adder skeleton.
An ooze comes into view.
Your adder bites the adder skeleton.
The adder skeleton completely misses your adder.
The ooze quivers.
Your adder bites the adder skeleton.
The adder skeleton closely misses your adder.
Your adder bites the adder skeleton.
The adder skeleton bites your adder.
Your adder bites the adder skeleton.
The adder skeleton barely misses your adder.
Your adder bites the adder skeleton.
The adder skeleton is destroyed!
Found 2 glowing silvery potions.
The ooze hits you.
* * * LOW HITPOINT WARNING * * *
You hit the ooze.
The ooze is moderately wounded.
Your adder bites the ooze but does no damage.
The ooze misses you.
Your adder bites the ooze.
The ooze is poisoned.
Your adder poisons the ooze!
You hit the ooze.
The ooze is severely wounded.
Your transformation has ended.
Your +0 pair of boots unmelds from your body.
Your +0 robe unmelds from your body.
The ooze closely misses you.
Your adder bites the ooze.
The ooze dies!
Your magical contamination has completely faded away.
Found a glowing silvery potion.
Tidbits's ghost (amateur Demigod Transmuter) comes into view.
You see here a murky inky potion.
p - a murky inky potion Drink which item? (? for menu, Esc to quit)
Okay, then.
Read which item? (? for menu, Esc to quit)
Okay, then.
You see here 2 glowing silvery potions.
t - 2 glowing silvery potions Your adder withers and dies!
You see here a glowing silvery potion.
Drink which item? (? for menu, Esc to quit)
Okay, then.
t - 3 glowing silvery potions (gained 1) Drink which item? (? for menu, Esc to quit)
It was a potion of mutation.
You feel extremely strange.
You feel your magical essence link to your wands.
You feel resistant to hostile enchantments.
Tidbits's ghost closely misses you.
Drink which item? (? for menu, Esc to quit)
Really quaff
t - 2 potions of mutation {!q}?
You feel extremely strange. Fur sprouts all over your body.
You feel more resistant to hostile enchantments.
You feel insulated. Tidbits's ghost hits you.
* * * LOW HITPOINT WARNING * * *
Tidbits's ghost hits you!
* * * LOW HITPOINT WARNING * * *
Casting: Spider Form
Confirm with . or Enter, or press ? or * to list all spells.
You miscast Spider Form.
You are very lightly contaminated with residual magic.
Your skin tingles.
Tidbits's ghost completely misses you.
Casting: Spider Form
Confirm with . or Enter, or press ? or * to list all spells.
You turn into a venomous arachnid creature.
Your +0 pair of boots melds into your body.
Your +0 robe melds into your body.
You are near starving!
Tidbits's ghost hits you.
* * * LOW HITPOINT WARNING * * *
Tidbits's ghost assumes a wrestling stance.
Tidbits's ghost hits you.
You die...

######.#.≈.≈.#
##...###
#..#.....#
###...##
#..#############
###..# #..#
###....## ####
#..#
###.......##
#.##
##..........##
#.#
#............#
#.#
#...W........##
###### #.#
#..s..........#
.....####.#
#.............##
..........#
##.............#
.>........#
#.............#
.........##
#.............##
.........#
##..............
.......#.#
##.............
.......#.#
##............
.......#.# ####
##.........##


You could see tidbits's ghost.

Vanquished Creatures
  Duvessa (D:5)
  A bog body (Ossuary)
  A worker ant (D:4)
  The ghost of tidbits the Insei, a weakling DgTm (D:3)
  3 adders
  2 worms (D:2)
  3 giant geckos
  An orc (D:3)
  2 ball pythons (D:2)
  A bat (D:1)
  6 goblins
  7 hobgoblins
  10 jackals
  3 kobolds
  3 giant cockroaches
  2 giant newts (D:1)
  A rat (D:3)
48 creatures vanquished.

Vanquished Creatures (collateral kills)
  A mummy (Ossuary)
  2 adders (D:2)
  An ooze (D:4)
  An adder skeleton (D:4)
  A goblin (D:2)
  2 jackals (D:1)
8 creatures vanquished.

Vanquished Creatures (others)
  2 plants (Ossuary)
2 creatures vanquished.

Grand Total: 58 creatures vanquished

Notes
Turn   | Place    | Note
--------------------------------------------------------------
     0 | D:1      | tidbits the Demigod Transmuter began the quest for the Orb.
     0 | D:1      | Reached XP level 1. HP: 15/15 MP: 5/5
   178 | D:1      | Reached skill level 2 in Spellcasting
   186 | D:1      | Reached skill level 2 in Transmutations
   345 | D:1      | Reached XP level 2. HP: 14/22 MP: 5/7
   349 | D:1      | Learned a level 2 spell: Sticks to Snakes
   429 | D:1      | Reached skill level 3 in Unarmed Combat
   778 | D:2      | Found a faded altar to an unknown god.
   802 | D:2      | Found a sparkling altar of Nemelex Xobeh.
   896 | D:2      | Found a stormy altar of Qazlal.
   908 | D:2      | Reached XP level 3. HP: 20/27 MP: 4/8
  1101 | D:2      | Learned a level 3 spell: Spider Form
  1347 | D:3      | Noticed tidbits's ghost (weakling DgTm)
  1373 | D:3      | Killed tidbits's ghost
  1373 | D:3      | Reached XP level 4. HP: 12/34 MP: 5/9
  1407 | D:3      | Reached skill level 4 in Unarmed Combat
  1431 | D:3      | Found an ancient bone altar of Kikubaaqudgha.
  1681 | D:4      | Found a sand-covered staircase.
  1691 | Ossuary  | Entered an ossuary
  1713 | Ossuary  | Reached skill level 3 in Transmutations
  1873 | D:3      | Found an iron altar of Okawaru.
  1873 | D:3      | Found a radiant altar of Vehumet.
  2028 | D:4      | Found an opulent altar of Gozag.
  2054 | D:5      | Entered Level 5 of the Dungeon
  2075 | D:5      | Noticed Dowan
  2076 | D:5      | Noticed Duvessa
  2111 | D:5      | Killed Duvessa
  2111 | D:5      | Reached skill level 5 in Unarmed Combat
  2111 | D:5      | Reached XP level 5. HP: 10/39 MP: 2/10
  2219 | D:4      | Noticed tidbits's ghost (amateur DgTm)
  2232 | D:4      | Gained mutation: You expend magic power (3 MP) to strengthen your wands. [potion of mutation]
  2232 | D:4      | Gained mutation: You are resistant to hostile enchantments. [potion of mutation]
  2233 | D:4      | Gained mutation: You are covered in fur (AC +1). [potion of mutation]
  2233 | D:4      | Gained mutation: You are highly resistant to hostile enchantments. [potion of mutation]
  2233 | D:4      | Gained mutation: You are resistant to electric shocks. [potion of mutation]
  2236 | D:4      | HP: 3/39 [tidbits's ghost (4)]
  2240 | D:4      | Slain by tidbits's ghost

Action                   |  1- 3 |  4- 6 || total
-------------------------+-------+-------++-------
Melee: Unarmed           |    84 |    60 ||   144
Throw: Javelin           |    13 |     1 ||    14
       Stone             |     1 |       ||     1
 Cast: Beastly Appendage |    19 |     1 ||    20
       Sticks to Snakes  |    11 |     5 ||    16
       Spider Form       |     5 |    11 ||    16
 Abil: End Transformatio |     1 |     2 ||     3
Evoke: Deck              |       |     1 ||     1
  Use: Potion            |     2 |     5 ||     7
       Scroll            |     3 |     1 ||     4
 Stab: Sleeping          |     2 |     1 ||     3
       Invisible         |       |     7 ||     7
  Eat: Bread ration      |     1 |       ||     1
       Chunk             |       |     4 ||     4

Table legend:
 A = Turns spent in this place as a percentage of turns spent in the entire game.
 B = Non-inter-level travel turns spent in this place as a percentage of non-inter-level travel turns spent in the entire game.
 C = Inter-level travel turns spent in this place as a percentage of turns spent in this place.
 D = Turns resting spent in this place as a percentage of non-inter-level travel turns spent in this place.
 E = Turns spent auto-exploring this place as a percentage of non-inter-level travel turns spent in this place.
 F = Non-inter-level travel turns spent in this place divided by the number of levels of this place that you've seen.
                   A       B       C       D       E      F
               +-------+-------+-------+-------+-------+----------------------
         Total | 100.0 | 100.0 |   0.1 |   0.1 |   0.0 | 340.5
       Dungeon |  98.7 |  98.7 |   0.1 |   0.1 |   0.0 | 403.4
       Ossuary |   1.3 |   1.3 |   0.0 |   0.0 |   0.0 |  26.0
               +-------+-------+-------+-------+-------+----------------------

Table legend:
 A = Kills in this place as a percentage of kills in entire the game.
 B = Kills by you in this place as a percentage of kills by you in the entire game.
 C = Kills by friends in this place as a percentage of kills by friends in the entire game.
 D = Other kills in this place as a percentage of other kills in the entire game.
 E = Experience gained in this place as a percentage of experience gained in the entire game.
 F = Experience gained in this place divided by the number of levels of this place that you have seen.
                   A       B       C       D       E      F
               +-------+-------+-------+-------+-------+----------------------
         Total | 100.0 | 100.0 | 100.0 |  -nan | 100.0 |  67.5
       Dungeon |  96.4 |  97.9 |  87.5 |  -nan |  84.7 |  68.6
       Ossuary |   3.6 |   2.1 |  12.5 |  -nan |  15.3 |  62.0
               +-------+-------+-------+-------+-------+----------------------

Vault maps used:
D:1:      evilmike_arrival_rings, serial_forest, infiniplex_forest_corner_2,
          infiniplex_forest_lined_1, infiniplex_forest_straight_1,
          infiniplex_forest_end_2, infiniplex_forest_clump_medium,
          infiniplex_forest_lined_room_2, infiniplex_forest_clump_C
D:2:      kennysheep_six_static_rooms, nicolae_qazlal_general_emergency,
          ecumenical_altar_1, roderic_lattice_a, nemelex_deck
D:3:      lightli_temple_of_fire, kiku_gazebo_pond_becter,
          amethyst_overflow_temple_binary
D:4:      kennysheep_little_box, lemuel_temple_firewalk,
          nicolae_ossuary_entry_plus
D:5:      yredelemnul_altar_generic, first_bread, uniq_duvessa
Ossuary:  ossuary_zaba_flooded
